 Dungeon Crawl Stone Soup version 0.29-a0-559-g359e09b9d1 (webtiles) character file.

Game seed: 10508705342592510728

2 vulpzor the Stinger (level 1, 0/11 HPs)
             Began as an Octopode Venom Mage on June 10, 2022.
             Slain by a goblin
             ... wielding a +0 dagger
              (3 damage)
             ... on level 1 of the Dungeon.
             The game lasted 00:00:22 (49 turns).

vulpzor the Stinger (Octopode Venom Mage)             Turns: 49, Time: 00:00:22

Health: 0/11       AC:  1    Str:  7    XL:     1   Next: 40%
Magic:  0/3        EV: 13    Int: 17    God:
Gold:   7          SH:  0    Dex: 12    Spells: 3/4 levels left

rFire   . . .      SeeInvis .   (no weapon)
rCold   . . .      Faith    .   (no shield)
rNeg    . . .      Spirit   .   (helmet restricted)
rPois   .          Reflect  .   (no amulet)
rElec   .          Harm     .   (no ring)
rCorr   .          Rampage  .   (no ring)
Will    .....                   (no ring)
Stlth   +++.......              (no ring)
HPRegen 0.03/turn               (no ring)
MPRegen 0.08/turn               (no ring)
                                (no ring)
                                (no ring)

@: no status effects
A: almost no armour, amphibious, 8 rings, camouflage 1, gelatinous body 1,
(nimble swimmer 1), tentacles
a: no special abilities


You were on level 1 of the Dungeon.
You visited 1 branch of the dungeon, and saw 1 of its levels.

You collected 7 gold pieces.

Inventory:

Potions
 a - a potion of magic


   Skills:
 + Level 2.0 Dodging
 + Level 2.7 Stealth
 + Level 2.0 Spellcasting
 + Level 1.0 Transmutations
 + Level 3.7 Poison Magic


You had 3 spell levels left.
You knew the following spells:

 Your Spells              Type           Power      Damage    Failure   Level
a - Sting                 Tmut/Pois      36%        1d4       7%          1

Your spell library contained the following spells:

 Spells                   Type           Power      Damage    Failure   Level
 Poisonous Vapours        Pois/Air       16%        N/A       14%         2
 Mephitic Cloud           Conj/Pois/Air  6%         N/A       34%         3
 Olgreb's Toxic Radiance  Pois           14%        N/A       38%         4


Dungeon Overview and Level Annotations

Branches:
Dungeon (1/15)

Altars:

Shops:
D:1 (


Innate Abilities, Weirdness & Mutations

You cannot wear most types of armour.
You are amphibious.
You can wear up to eight rings at the same time.
Your skin changes colour to match your surroundings (Stealth+).
Your rubbery body absorbs attacks. (AC +1, EV +1)
((You are camouflaged when in or above water. (Stealth+)))
You have tentacles for arms and can constrict up to eight enemies at once.


Message History

A goblin is nearby!
Found 22 stones.
Found a buckler.
You now have 7 gold pieces.
A bat comes into view.
A quokka comes into view.
Found a stone staircase leading down.
A rat and 2 kobolds come into view.
Found a fuming emerald potion.
The bat misses you.
You see here a scroll labelled CEOZOA OSICY.
The bat barely misses you.
The sting hits the bat but does no damage.
The bat is poisoned.
The kobold shouts!
The bat misses you.
The sting misses the bat.
The kobold shouts!
The goblin shouts!
The bat barely misses you.
The sting hits the bat but does no damage.
The bat looks even sicker.
The bat is heavily wounded.
The bat closely misses you. The goblin barely misses you. The rat bites you.
You are too depleted to draw on your mana recklessly!
A goblin comes into view. It is wielding a +0 dagger.
You see here a scroll labelled CEOZOA OSICY.
The rat attacks as you move away! The rat misses you.
You kill the bat!
You closely miss the rat. You grab the rat. Your squeeze misses the rat.
You constrict the rat. The rat barely misses you.
The goblin hits you with a +0 dagger.
You barely miss the rat.
The rat is heavily wounded.
You constrict the rat.
You kill the rat!
The quokka bites you.
* * * LOW HITPOINT WARNING * * *
The goblin closely misses you.
You are too injured to fight recklessly!
The goblin attacks as you move away! The goblin hits you with a +0 dagger.
You die...

.....## ♣♣......♣
.........#.> ♣......#♣
...........##♣......♣♣
........#†.>....♣.♣..♣
.....g...........⌠...♣
.!..............♣.♣..♣
......KK.....♣.......♣
.......†.r...♣.......♣
.....∩..?@...♣♣.....♣♣
........g.....♣♣...♣♣
.......#####...♣♣♣♣♣
#..#### ...#....# ..
..###....## . #. ..#.#
#. #.#[# . .# . .# .#


You could see a quokka, 2 goblins and 2 kobolds.

Vanquished Creatures
  A bat (D:1)
  A ball python (D:1)
  A rat (D:1)
3 creatures vanquished.

Notes
Turn   | Place    | Note
-------+----------+-------------------------------------------
     0 | D:1      | vulpzor the Octopode Venom Mage began the quest for the
                  | Orb.
     0 | D:1      | Reached XP level 1. HP: 11/11 MP: 3/3
    13 | D:1      | Found Qal Wyewk's Weapon Shoppe.
    49 | D:1      | Slain by a goblin

Illustrated notes

Levels and vault maps discovered:
D:1:      amcnicky_arrival_underground_garden, layout_rooms, serial_shops, shop,
          shop, shop

Action                   || total
-------------------------++-------
Melee: Unarmed           ||     2
       Constrict         ||     1
 Cast: Sting             ||     4
Dodge: Dodged            ||     9

Table legend: (Time is in decaauts)
 A = Elapsed time spent in this place.
 B = Non-inter-level travel time spent in this place.
 C = Inter-level travel time spent in this place.
 D = Time resting spent in this place.
 E = Time spent auto-exploring this place.
 F = Levels seen in this place.
 G = Mean time per level.
                   A        B        C        D        E       F      G
               +--------+--------+--------+--------+--------+-----+--------+
         Total |     49 |     49 |      0 |      0 |     20 |   1 |   49.0 |
       Dungeon |     49 |     49 |      0 |      0 |     20 |   1 |   49.0 |
               +--------+--------+--------+--------+--------+-----+--------+

Top non-repeatable levels by time:
     D:1: 49 daAuts
